 Dungeon Crawl Stone Soup version 0.28-a0-313-gbc0475efdd (webtiles) character file.

Game seed: 16195401980032848158

521302 flotson the Warrior (level 24, 256/256 (258) HPs)
             Began as a Demonspawn Delver on Aug 10, 2021.
             Was an Initiate of Gozag.
             Quit the game on level 3 of the Elven Halls on Aug 31, 2021.
             The game lasted 02:19:56 (55416 turns).

flotson the Warrior (Demonspawn Delver)            Turns: 55416, Time: 02:19:57

HP:   256/256 (258) AC: 38    Str: 26    XL:     24   Next: 11%
MP:   20/20         EV: 14    Int: 13    God:    Gozag
Gold: 4589          SH: 39    Dex: 13    Spells: 23/23 levels left

rFire   + . .      SeeInvis +   a - +9 broad axe (vorpal)
rCold   + + .      Faith    .   j - +18 shield of the Gong {rElec rN+ Will+ EV-5}
rNeg    + . .      Spirit   +   E - +12 gold dragon scales
rPois   +          Reflect  .   x - +0 helmet
rElec   +          Harm     .   f - scarf {repulsion}
rCorr   .          Rampage  .   w - +2 pair of gloves {Str+3}
Will    ++...                   (boots unavailable)
Stlth   ..........              y - amulet "Utamionu" {Spirit +Blink rPois Int+2 SInv}
HPRegen 0.52/turn               m - +4 ring of slaying
MPRegen 0.17/turn               n - ring of the Hare {EV+8}

@: studying 2 skills, lightly drained, repel missiles
A: talons 3, large bone plates 3, demonic guardian 3, robust 3, demonic magic 3,
clumsy 1, cold resistance 1, dopey 1, low mp 1
}: 3/15 runes: barnacled, silver, gossamer
a: Renounce Religion, Evoke Blink, Potion Petition, Call Merchant, Bribe Branch


You were on level 3 of the Elven Halls.
You worshipped Gozag.
Gozag was most pleased with you.
You visited 8 branches of the dungeon, and saw 40 of its levels.
You also visited: Gauntlet.

You collected 20066 gold pieces.
You spent 9559 gold pieces at shops.
You paid 5918 gold pieces to Gozag.

Inventory:

Hand Weapons
 a - a +9 vorpal broad axe (weapon)
 b - a +3 antimagic war axe
Missiles
 l - 6 throwing nets
 q - 18 atropa-tipped darts
 H - 2 curare-tipped darts
 R - 43 silver javelins (quivered)
 T - 11 datura-tipped darts
Armour
 f - a scarf of repulsion (worn)
 j - the +18 shield of the Gong (worn) {rElec rN+ Will+ EV-5}
   (You acquired it on level 6 of the Dungeon)

   It is deafeningly noisy when blocking attacks.
   EV:        It affects your evasion (-5).
   rElec:     It insulates you from electricity.
   rN:        It protects you from negative energy.
   Will:      It increases your willpower.
 w - a +2 pair of gloves of strength (worn)
 x - a +0 helmet (worn)
 E - +12 gold dragon scales (worn)
Jewellery
 d - the amulet of the Raven {Acrobat rElec Will+ Stlth+}
   (You bought it in a shop on level 2 of the Orcish Mines)

   [amulet of the acrobat]

   It increases your evasion while moving and waiting.
   rElec:     It insulates you from electricity.
   Will:      It increases your willpower.
   Stlth:     It makes you more stealthy.
 m - a +4 ring of slaying (left hand)
 n - the ring of the Hare (right hand) {EV+8}
   (You took it off a deep elf blademaster on level 3 of the Elven Halls)

   [ring of evasion]

   EV:        It affects your evasion (+8).
 y - the amulet "Utamionu" (around neck) {Spirit +Blink rPois Int+2 SInv}
   (You bought it in a shop on level 2 of the Shoals)

   [amulet of guardian spirit]

   It causes incoming damage to be divided between your reserves of health and
   magic.
   Int:       It affects your intelligence (+2).
   rPois:     It protects you from poison.
   SInv:      It lets you see invisible.
   +Blink:    It lets you blink.
 I - the ring "Bukeaq" {*Slow rF+ rC+ Str+2 Int+4}
   (You took it off a merfolk impaler on level 4 of the Shoals)

   [ring of protection from fire]

   Str:       It affects your strength (+2).
   Int:       It affects your intelligence (+4).
   rF:        It protects you from fire.
   rC:        It protects you from cold.
   *Slow:     It may slow you when you take damage.
 O - the ring of Fuoniud {Fly rCorr Int+4}
   (You found it in a Gauntlet)

   [ring of flight]

   Int:       It affects your intelligence (+4).
   Fly:       It grants you flight.
   rCorr:     It protects you from acid and corrosion.
Wands
 e - a wand of iceblast (40)
 g - a wand of digging (5)
 J - a wand of acid (38)
 V - a wand of paralysis (23)
 W - a wand of mindburst (63)
Scrolls
 c - 6 scrolls of fog
 p - 5 scrolls of blinking
 r - 6 scrolls of summoning
 s - 5 scrolls of teleportation
 t - 6 scrolls of torment
 z - 2 scrolls of holy word
 A - 7 scrolls of fear
 D - 2 scrolls of immolation
 U - 8 scrolls of magic mapping
 X - 5 scrolls of vulnerability
Potions
 h - a potion of berserk rage
 k - 2 potions of resistance
 o - 8 potions of curing
 u - 3 potions of lignification
 v - 7 potions of cancellation
 F - 6 potions of might
 G - a potion of invisibility
 K - a potion of brilliance
 L - 5 potions of mutation
 P - 3 potions of attraction
 S - a potion of haste
 Y - 4 potions of ambrosia
 Z - 6 potions of heal wounds
Miscellaneous
 i - a phial of floods
 B - a box of beasts
 C - a lightning rod (4/4)
 M - a condenser vane
 N - a piece from Xom's chessboard (15/15)


   Skills:
 + Level 18.6 Fighting
 + Level 16.4 Axes
 + Level 13.8 Throwing
 + Level 15.9 Armour
 + Level 15.9 Dodging
 - Level 4.5 Stealth
 - Level 15.0 Shields
 - Level 12.0 Evocations


You had 23 spell levels left.
You didn't know any spells.
Your spell library contained the following spells:

 Spells                   Type           Power      Damage    Failure   Level
 Animate Skeleton         Necr           0%         N/A       100%        1
 Apportation              Tloc           0%         N/A       100%        1
 Corona                   Hex            0%         N/A       100%        1
 Foxfire                  Conj/Fire      0%         2x1d4     100%        1
 Freeze                   Ice            0%         1d3       100%        1
 Magic Dart               Conj           0%         1d3       100%        1
 Pain                     Necr           0%         1d4       100%        1
 Shock                    Conj/Air       0%         1d3       100%        1
 Summon Small Mammal      Summ           0%         N/A       100%        1
 Call Imp                 Summ           0%         N/A       100%        2
 Passwall                 Tmut/Erth      0%         N/A       100%        2
 Slow                     Hex            0%         N/A       100%        2
 Static Discharge         Conj/Air       0%         N/A       100%        2
 Sublimation of Blood     Necr           0%         N/A       100%        2
 Wereblood                Tmut           0%         N/A       100%        2
 Confusing Touch          Hex            0%         N/A       100%        3
 Frozen Ramparts          Ice            0%         1d2       100%        3
 Gell's Gravitas          Tloc           0%         N/A       100%        3
 Inner Flame              Hex/Fire       0%         N/A       100%        3
 Lesser Beckoning         Tloc           0%         N/A       100%        3
 Mephitic Cloud           Conj/Pois/Air  0%         N/A       100%        3
 Portal Projectile        Hex/Tloc       0%         N/A       100%        3
 Stone Arrow              Conj/Erth      0%         3d7       100%        3
 Swiftness                Air            0%         N/A       100%        3
 Teleport Other           Tloc           0%         N/A       100%        3
 Vampiric Draining        Necr           0%         2d6       100%        3
 Airstrike                Air            0%         N/A       100%        4
 Cause Fear               Hex            0%         N/A       100%        4
 Dispel Undead            Necr           0%         3d6       100%        4
 Hailstorm                Conj/Ice       0%         3d3       100%        4
 Olgreb's Toxic Radiance  Pois           0%         N/A       100%        4
 Passage of Golubria      Tloc           N/A        N/A       100%        4
 Petrify                  Tmut/Erth      0%         N/A       100%        4
 Sticky Flame             Conj/Fire      0%         2d3       100%        4
 Summon Lightning Spire   Summ/Air       0%         N/A       100%        4
 Agony                    Necr           0%         N/A       100%        5
 Alistair's Intoxication  Tmut/Pois      0%         N/A       100%        5
 Blade Hands              Tmut           0%         N/A       100%        5
 Bolt of Magma            Conj/Fire/Erth 0%         4d4       100%        5
 Borgnjor's Vile Clutch   Necr/Erth      0%         N/A       100%        5
 Excruciating Wounds      Necr           0%         N/A       100%        5
 Fireball                 Conj/Fire      0%         3d3       100%        5
 Iskenderun's Battlesphe  Conj           0%         2d6       100%        5
 Lightning Bolt           Conj/Air       0%         1d11      100%        5
 Silence                  Hex/Air        0%         N/A       100%        5
 Yara's Violent Unravell  Hex/Tmut       0%         3d3       100%        5
 Conjure Ball Lightning   Conj/Air       0%         3x3d6     100%        6
 Dispersal                Tloc           0%         N/A       100%        6
 Eringya's Noxious Bog    Tmut/Pois      0%         N/A       100%        6
 Statue Form              Tmut/Erth      0%         N/A       100%        6
 Dragon Form              Tmut           0%         N/A       100%        7
 Haunt                    Necr/Summ      0%         N/A       100%        7
 Orb of Destruction       Conj           0%         N/A       100%        7
 Storm Form               Tmut/Air       0%         N/A       100%        7
 Summon Hydra             Summ           0%         N/A       100%        7
 Lehudib's Crystal Spear  Conj/Erth      0%         10d2      100%        8
 Maxwell's Capacitive Co  Air            0%         ∞         100%        8
 Chain Lightning          Conj/Air       0%         N/A       100%        9
 Dragon's Call            Summ           0%         N/A       100%        9
 Fire Storm               Conj/Fire      0%         5d1       100%        9
 Shatter                  Erth           0%         3d5*      100%        9


Dungeon Overview and Level Annotations

Branches:
Dungeon (15/15)            Temple (1/1) D:6            Lair (6/6) D:11
 Shoals (4/4) Lair:2       Spider (4/4) Lair:3        Slime (0/5) Lair:5
    Orc (2/2) D:11            Elf (3/3) Orc:2        Vaults (5/5) D:13
  Crypt (0/3) Vaults:2     Depths (0/5) D:15        Gauntlet (visited)

Altars:
Ashenzari
Cheibriados
Dithmenos
Elyvilon
Fedhas
Gozag
Hepliaklqana
Kikubaaqudgha
Makhleb
Nemelex Xobeh
Okawaru
Qazlal
Ru
Sif Muna
Trog
Uskayaw
Vehumet
Wu Jian
Xom
Yredelemnul
Zin
The Shining One
Beogh

Shops:
D:6 ?[?*?   D:11 ([   D:12 :   Orc:2 ***[?[   Elf:1 (   Shoals:2 *   Vaults:1 [
Vaults:3 =   Vaults:5 ?


Innate Abilities, Weirdness & Mutations

You have claws for feet.
You are completely covered in large bone plates. (SH +8)
A powerful demonic guardian rushes to your aid.
You are extremely robust. (+30% HP)
Spells you cast and wands you use may paralyse nearby enemies.
You are clumsy. (Dex -2)
Your flesh is cold resistant. (rC+)
You are dopey. (Int -2)
Your magical capacity is low. (-10% MP)


Message History

You see here a scarf of repulsion.
Okay, then.
Unknown command.
Unknown command.
You see here the +7 hunting sling of the Scavenger {venom, rElec Str+4 Int+4}.
You see here a +0 rapier.
There is an open door here.
There is an open door here.
There is an open door here.
There is an open translucent door here.
You open the door.
There is an open translucent door here.
There is an open translucent door here.
You open the door.
There is an open translucent door here.
You open the door.
There is an open door here.
There is an open translucent door here.
There is an open door here.
There is an open door here.
Things that are here:
a +0 long sword; a +2 vorpal quarterstaff; a +1 vorpal morningstar
Items here: ))))) = ? [[[.
Done exploring.
There are no items here.
Unknown command.
Unknown command.
Search for what [Enter for "light", or ? for help]? artifact Unknown command.
Unknown command.
Drop what? 52/52 slots (_ for help) (? for menu, Esc to quit)
You drop a +6 ring of intelligence.
Unknown command.
Unknown command.
Unknown command.
Options error: Full pregeneration is not allowed on this build of crawl. (~/.crawlrc:90) Welcome back, flotson the Demonspawn Delver.
Gozag says: Greed is good.
Press ? for a list of commands and other information.
Are you sure you want to abandon this character and quit the game? (Confirm with "yes".)

.).#######..######'#...#####.[.[.
≈.≈......#..#......#...#.....)'..
..<......#[)#.....?#...#...)[...)
.........#..#......#...#.....))..
..####...#.[#.)....#...#...[)....
..#..#...#..[......#...#....))...
..#..#...#..########...##....'...
..#..#...#................).)....
..#..#...#......@..........))....
..#..#...#.........=..##..#.#..##
..#..#...#..........#######[#####
..#..'...#........######..[))...#
..#..#...#.......#####.....).....
..#'##...#......####.......).....
.........#.....####.)............
.........#....####....)..###.....
.........#....###.......###......


There were no monsters in sight!

Vanquished Creatures
  3 dread liches (Vaults:5)
  2 ancient liches (Vaults:5)
  The ghost of Irilyjoq the Slayer, a legendary FoFi of Okawaru (Vaults:1)
  Bai Suzhen (Elf:3)
  Nikola (Spider:1)
  Rupert (Orc:2)
  3 liches
  4 tentacled monstrosities
  Asterion (Elf:2)
  3 deep elf blademasters
  4 deep elf master archers
  A quicksilver dragon (Vaults:5)
  2 krakens (Shoals:2)
  2 titans
  5 tengu reavers (Vaults:5)
  Agnes (Elf:2)
  5 shadow dragons
  Kirke (Spider:3)
  3 sphinxes (Vaults:2)
  3 storm dragons (Vaults:5)
  Roxanne (Elf:2)
  3 frost giants (Vaults:5)
  The ghost of robertstho the Severer, a journeyman MiBe of Trog (Orc:2)
  2 iron dragons (Vaults:5)
  3 fire giants (Vaults:5)
  An orc warlord (Vaults:4)
  6 deep elf sorcerers
  12 vault wardens
  3 cacodemons (Vaults:1)
  7 ghost moths
  5 emperor scorpions
  2 deep elf elementalists (Elf:3)
  13 ironbound preservers
  11 very ugly things
  2 stone giants (Vaults:5)
  Nessos (D:13)
  4 war gargoyles
  7 deep elf demonologists
  3 deep elf annihilators (Elf:3)
  Azrael (D:12)
  2 minotaurs
  5 dire elephants
  An entropy weaver (Vaults:3)
  A spark wasp (Spider:3)
  4 ettins (Vaults:5)
  7 deep elf death magi
  3 merfolk javelineers
  Josephine (D:12)
  2 fire dragons
  10 merfolk impalers
  4 deep elf high priests
  7 yaktaur captains
  5 great orbs of eyes
  Harold (Orc:1)
  12 ironbound thunderhulks
  Erolcha (D:12)
  A catoblepas (Lair:5)
  6 boulder beetles
  29 vault guards
  10 hydras
  An ice dragon (D:15)
  A peacekeeper (Vaults:2)
  9 ironbound frosthearts
  2 merfolk avatars
  10 centaur warriors (Vaults:1)
  3 satyrs (Shoals:3)
  4 ogre magi
  5 alligator snapping turtles
  An alligator (Shoals:3)
  17 two-headed ogres
  A tengu warrior (D:14)
  4 merfolk aquamancers
  Urug (D:9)
  6 ironbound beastmasters
  Nergalle (Lair:1)
  Sonja (D:13)
  16 deep elf knights
  2 large abominations (Elf:1)
  A sixfirhy (D:8)
  5 skeletal warriors
  The ghost of CowFu the Skirmisher, a novice DsMo of Dithmenos (D:7)
  10 sea snakes
  2 glowing orange brains
  38 deep trolls
  6 phantasmal warriors
  14 deep elf archers
  20 ironbound convokers
  5 lindwurms
  16 harpies
  3 necromancers
  Pikel (D:5)
  6 wizards
  28 deep elf zephyrmancers
  15 orb spiders
  10 orc knights
  An oklob plant (Orc:2)
  19 ugly things
  24 deep elf pyromancers
  9 cyclopes
  28 wolf spiders
  6 fauns
  5 manticores
  15 elephants
  3 merfolk sirens
  A moth of wrath (Gauntlet)
  15 vault sentinels
  2 molten gargoyles (Lair:6)
  8 water nymphs
  4 black mambas (Lair:6)
  12 cane toads
  2 unseen horrors (D:11)
  Psyche (D:8)
  Maggie (D:8)
  11 demonic crawlers
  4 kobold demonologists
  3 freezing wraiths (Vaults:5)
  An unseen horror (shapeshifter) (Vaults:1)
  14 komodo dragons
  27 yaktaurs
  A tengu conjurer (D:14)
  16 merfolk
  16 trolls
  14 wind drakes
  A polar bear (Lair:6)
  2 raiju (Gauntlet)
  21 jumping spiders
  6 meliai
  19 hornets
  13 snapping turtles
  2 dream sheep (Shoals:2)
  13 slime creatures
  41 redbacks
  A shadow (D:9)
  8 air elementals
  6 wyverns
  5 wraiths
  A vampire (D:12)
  A spriggan (shapeshifter) (D:15)
  15 tarantellas
  22 yaks
  8 basilisks
  16 water elementals
  4 hogs (Spider:3)
  A golden eye (shapeshifter) (Elf:3)
  6 fire elementals
  3 steam dragons
  9 vampire mosquitoes
  A warg (Orc:1)
  3 swamp worms (Gauntlet)
  A warg (shapeshifter) (Vaults:5)
  An acid dragon (D:11)
  A water moccasin (shapeshifter) (Vaults:1)
  5 hell hounds
  13 water moccasins
  A floating eye (shapeshifter) (D:15)
  A floating eye (Lair:5)
  An ice beast (D:7)
  3 black bears
  30 orc warriors
  2 sky beasts
  2 necrophages
  4 boggarts (Vaults:1)
  16 centaurs
  An ogre (shapeshifter) (Vaults:5)
  12 wolves
  27 ogres
  2 lemures (D:5)
  2 phantoms (D:5)
  2 tengu (shapeshifter) (Vaults:5)
  3 elf zombies (Elf:1)
  Blork the orc (D:5)
  2 kobold brigands
  8 bullfrogs
  2 earth elementals (Elf:3)
  A bullfrog (shapeshifter) (Vaults:1)
  2 scorpions
  14 killer bees
  12 wights
  4 electric eels
  The ghost of emm the Chopper, a weakling DsGl of Cheibriados (D:5)
  3 howler monkeys (D:8)
  A howler monkey (shapeshifter) (D:14)
  A bullfrog zombie (D:5)
  5 lava snakes (Lair:6)
  A gnoll shaman (D:5)
  18 orc priests
  2 hounds
  A bullfrog skeleton (D:5)
  3 iguanas
  Terence (D:3)
  A lightning spire (Gauntlet)
  12 orc wizards
  A hound skeleton (D:5)
  A howler monkey zombie (D:11)
  5 gnolls (D:5)
  8 adders
  6 river rats (D:5)
  2 white imps
  An ufetubus (D:4)
  An adder skeleton (D:4)
  6 worms
  3 worms (shapeshifter) (Vaults:1)
  A dart slug (D:1)
  62 orcs
  6 ball pythons
  11 endoplasms
  3 giant cockroaches
  7 goblins
  5 hobgoblins
  2 jackals (D:1)
  22 kobolds
  A quokka (D:1)
  8 bats
  3 frilled lizards (D:1)
  7 rats
  5 tentacles (Shoals:2)
1407 creatures vanquished.

Vanquished Creatures (collateral kills)
  3 tentacled monstrosities
  A storm dragon (Vaults:5)
  Donald (Shoals:1)
  A deep elf sorcerer (Elf:3)
  A frost giant (Vaults:5)
  3 vault wardens
  An ironbound preserver (Vaults:1)
  A very ugly thing (Vaults:1)
  An entropy weaver (Spider:2)
  2 merfolk javelineers
  A merfolk impaler (Shoals:4)
  A yaktaur captain (Vaults:5)
  A vault guard (Vaults:1)
  An alligator snapping turtle (Shoals:2)
  A centaur warrior (D:13)
  A dancing weapon (Elf:1)
  A deep elf knight (Elf:1)
  3 deep trolls (Vaults:3)
  2 phantasmal warriors (Vaults:5)
  2 wolf spiders
  5 fauns
  A manticore (Shoals:2)
  2 elephants (Lair:5)
  A moth of wrath (Lair:3)
  A water nymph (Shoals:4)
  An eye of devastation (Lair:5)
  5 demonic crawlers
  A merfolk (Shoals:1)
  4 jumping spiders
  A hornet (Spider:4)
  3 wind drakes
  4 redbacks
  3 water elementals (Shoals:4)
  5 tarantellas
  An air elemental (Shoals:4)
  A wraith (D:12)
  A yak (Lair:6)
69 creatures vanquished.

Vanquished Creatures (others)
  A war gargoyle (Vaults:5)
  A boulder beetle (Spider:1)
  A merfolk aquamancer (Shoals:4)
  29 dancing weapons
  A deep elf knight (Elf:1)
  A deep elf zephyrmancer (Elf:3)
  A jumping spider (Spider:1)
  A large abomination (Elf:1)
  A human (Spider:4)
  A boggart (Vaults:1)
  2 orcs
  2 bushes (Lair:6)
  24 fungi
  89 plants
  14 tentacles (Shoals:2)
169 creatures vanquished.

Grand Total: 1645 creatures vanquished

Notes
Turn   | Place    | Note
-------+----------+-------------------------------------------
     0 | D:5      | flotson the Demonspawn Delver began the quest for the Orb.
     0 | D:5      | Reached XP level 1. HP: 18/18 MP: 1/1
     1 | D:5      | Found a runed translucent gate.
     1 | D:5      | Found a runed translucent gate.
     2 | D:5      | Found a runed translucent gate.
     4 | D:5      | Noticed emm's ghost (weakling DsGl)
    20 | D:5      | Noticed a sky beast
    32 | D:5      | Noticed a phantom
    70 | D:4      | Noticed a hound
    87 | D:4      | Killed a hound
    88 | D:4      | Reached skill level 1 in Armour
    88 | D:4      | Gained mutation: You are partially covered in large bone
                  | plates. (SH +4) [demonic ancestry]
    88 | D:4      | Reached XP level 2. HP: 12/24 MP: 2/2
    88 | D:4      | Reached XP level 3. HP: 14/29 MP: 3/3
   307 | D:3      | Noticed Terence
  1241 | D:1      | Gained mutation: Spells you cast may paralyse adjacent
                  | enemies. [demonic ancestry]
  1241 | D:1      | Reached XP level 4. HP: 21/35 MP: 4/4
  1691 | D:2      | Found a shimmering blue altar of Sif Muna.
  2850 | D:3      | Killed Terence
  3053 | D:3      | Noticed a black bear
  3135 | D:3      | Found a faded altar of an unknown god.
  3627 | D:3      | Gained mutation: You have sharp toenails. [demonic
                  | ancestry]
  3627 | D:3      | Reached XP level 5. HP: 42/42 MP: 5/5
  3647 | D:4      | Noticed a necrophage
  3659 | D:4      | Killed a necrophage
  3660 | D:4      | Reached skill level 1 in Throwing
  3660 | D:4      | Reached skill level 1 in Evocations
  3754 | D:4      | Reached skill level 4 in Fighting
  4010 | D:4      | Gained mutation: You have razor-sharp toenails. [demonic
                  | ancestry]
  4010 | D:4      | Reached XP level 6. HP: 48/48 MP: 6/6
  4814 | D:3      | Found a faded altar of an unknown god.
  5376 | D:5      | Killed a sky beast
  5377 | D:5      | Reached XP level 7. HP: 30/55 MP: 7/7
  5546 | D:5      | Noticed Blork the orc
  5554 | D:5      | Killed Blork the orc
  6183 | D:5      | Gained mutation: You have claws for feet. [demonic
                  | ancestry]
  6183 | D:5      | Reached XP level 8. HP: 61/61 MP: 8/8
  6238 | D:5      | Noticed Pikel
  6653 | D:5      | Killed Pikel
  6654 | D:5      | Reached skill level 5 in Fighting
  7076 | D:5      | Killed emm's ghost
  7226 | D:6      | Found a staircase to the Ecumenical Temple.
  7236 | Temple   | Entered the Ecumenical Temple
  7364 | D:6      | Found Abbepn's Magic Scroll Boutique.
  7370 | D:6      | Bought a scroll of identify for 28 gold pieces
  7370 | D:6      | Bought a scroll of noise for 14 gold pieces
  7446 | D:6      | Found Qoruoqua's Assorted Antiques.
  7449 | D:6      | Bought a scroll of identify for 54 gold pieces
  7449 | D:6      | Bought a scroll labelled ITOKHE FEY for 27 gold pieces
  7449 | D:6      | Bought a scroll labelled XYECVI ABES for 27 gold pieces
  7449 | D:6      | Bought a scroll labelled OLEPPY CACRY for 27 gold pieces
  7450 | D:6      | Identified 2 scrolls of acquirement
  7451 | D:6      | Acquired 824 gold pieces
  7452 | D:6      | Acquired the +18 shield of the Gong {rElec rN+ Will+ EV-5}
  7453 | D:6      | Found the +18 shield of the Gong {rElec rN+ Will+ EV-5}
  7471 | D:6      | Found Ykhliar's Magic Scroll Emporium.
  7479 | D:6      | Bought a scroll of identify for 22 gold pieces
  7479 | D:6      | Bought a scroll of identify for 22 gold pieces
  7479 | D:6      | Bought a scroll of identify for 22 gold pieces
  7665 | D:6      | Found Bofaisei's Armour Emporium.
  7673 | D:6      | Bought a +2 pair of gloves of dexterity for 322 gold pieces
  7673 | D:6      | Bought a +3 scale mail of willpower for 390 gold pieces
  7919 | D:6      | Identified the +7 dagger of the Lettuce {drain, Str+5}
  7993 | D:6      | Found Cyume's Magic Scroll Boutique.
  7998 | D:6      | Bought 3 scrolls of identify for 72 gold pieces
  7998 | D:6      | Bought a scroll of teleportation for 36 gold pieces
  8001 | D:6      | Bought a scroll of identify for 24 gold pieces
  8401 | D:7      | Gained mutation: You are mostly covered in large bone
                  | plates. (SH +6) [demonic ancestry]
  8401 | D:7      | Reached XP level 9. HP: 69/69 MP: 9/9
  8469 | D:7      | Reached skill level 1 in Shields
  8904 | D:7      | Found a runed translucent door.
  8905 | D:7      | Noticed CowFu's ghost (novice DsMo)
  9029 | D:7      | Found an ancient bone altar of Kikubaaqudgha.
  9029 | D:7      | Found a hide-covered altar of Uskayaw.
  9029 | D:7      | Found an ornate altar of the Wu Jian Council.
  9029 | D:7      | Found an opulent altar of Gozag.
  9037 | D:7      | Found a stormy altar of Qazlal.
  9047 | D:7      | Became a worshipper of Gozag Ym Sagoz the Greedy
  9193 | D:7      | Reached skill level 5 in Dodging
  9203 | D:8      | Found a runed translucent door.
  9203 | D:8      | Noticed a sixfirhy
  9219 | D:8      | Reached skill level 5 in Axes
  9237 | D:8      | Noticed Psyche
  9269 | D:8      | Killed Psyche
  9270 | D:8      | Reached skill level 6 in Fighting
  9331 | D:8      | Reached skill level 5 in Evocations
  9495 | D:8      | Reached skill level 5 in Armour
  9695 | D:8      | Noticed a two-headed ogre
  9705 | D:8      | Killed a two-headed ogre
  9706 | D:8      | Gained mutation: A weak demonic guardian rushes to your
                  | aid. [demonic ancestry]
  9706 | D:8      | Reached XP level 10. HP: 64/77 MP: 10/10
 10129 | D:8      | Noticed Maggie
 10141 | D:8      | Killed Maggie
 10512 | D:8      | Reached skill level 5 in Throwing
 10538 | D:9      | Found a broken altar of Ashenzari.
 10644 | D:9      | Reached skill level 7 in Fighting
 11258 | D:10     | Entered Level 10 of the Dungeon
 11672 | D:10     | Noticed Urug
 11686 | D:9      | Killed Urug
 11687 | D:9      | Reached XP level 11. HP: 64/84 MP: 11/11
 11786 | D:10     | Noticed a two-headed ogre
 11922 | D:9      | Killed a two-headed ogre
 12718 | D:11     | Found a staircase to the Lair.
 12778 | D:11     | Identified the +9 scimitar of Butchery {pain, rElec Int+5
                  | Dex-5}
 12778 | D:11     | Noticed an orc knight
 12780 | D:11     | Found Ubaviv's Weapon Shoppe.
 12787 | D:11     | Killed an orc knight
 12795 | D:11     | Found a staircase to the Orcish Mines.
 12795 | D:11     | Found Nifenan's Armour Shoppe.
 12833 | D:11     | Reached skill level 8 in Fighting
 13028 | D:11     | Found a shimmering blue altar of Sif Muna.
 13088 | D:11     | Found a gate leading to a gauntlet.
 13094 | Gauntlet | Entered a Gauntlet
 13094 | Gauntlet | Found a transporter.
 13094 | Gauntlet | Found a transporter.
 13099 | Gauntlet | Found a transporter.
 13114 | Gauntlet | Found a transporter.
 13126 | Gauntlet | Noticed a hell beast
 13128 | Gauntlet | Found a transporter.
 13141 | Gauntlet | Found a transporter.
 13160 | Gauntlet | Found a transporter.
 13228 | Gauntlet | Found a transporter.
 13242 | Gauntlet | Found a transporter.
 13244 | Gauntlet | Noticed a blizzard demon
 13256 | Gauntlet | Found a transporter.
 13269 | Gauntlet | Found a transporter.
 13285 | Gauntlet | Found a transporter.
 13352 | Gauntlet | Found a transporter.
 13362 | Gauntlet | Found a transporter.
 13396 | Gauntlet | Found a transporter.
 13406 | Gauntlet | Found a transporter.
 13436 | Gauntlet | Reached skill level 5 in Shields
 13569 | Gauntlet | Identified the ring of Fuoniud {Fly rCorr Int+4}
 13571 | Gauntlet | Identified the +2 hunting sling "Murmur" {vorpal, rF+ rC+}
 13740 | Gauntlet | Noticed a minotaur
 13752 | Gauntlet | Killed a minotaur
 13954 | D:11     | Bought 4 datura-tipped darts for 28 gold pieces
 14254 | Lair:1   | Entered Level 1 of the Lair of Beasts
 14436 | Lair:1   | Gained mutation: A demonic guardian rushes to your aid.
                  | [demonic ancestry]
 14436 | Lair:1   | Reached XP level 12. HP: 94/94 MP: 12/12
 14772 | Lair:1   | Noticed Nergalle
 14791 | Lair:1   | Killed Nergalle
 15431 | Lair:2   | Found a staircase to the Shoals.
 15809 | Lair:3   | Found a hole to the Spider Nest.
 16525 | Lair:4   | Noticed a five-headed hydra
 16535 | Lair:4   | Killed a one-headed hydra
 16543 | Lair:4   | Reached skill level 9 in Fighting
 16669 | Lair:4   | Identified the +2 dagger of Mayhem {antimagic, *Rage rPois
                  | rF++ Stlth+}
 16754 | Lair:4   | Identified the ring "Hoareemnu" {Fly Int+5 Slay-5}
 17264 | Lair:5   | Noticed a catoblepas
 17268 | Lair:5   | Paralysed by a floating eye for 4 turns
 17289 | Lair:5   | Killed a catoblepas
 17404 | Lair:5   | Found a staircase to the Slime Pits.
 17549 | Lair:5   | Found a hide-covered altar of Uskayaw.
 17558 | Lair:5   | Found an ornate altar of the Wu Jian Council.
 17558 | Lair:5   | Noticed a boulder beetle
 17577 | Lair:5   | Killed a boulder beetle
 17578 | Lair:5   | Gained mutation: You are robust. (+10% HP) [demonic
                  | ancestry]
 17578 | Lair:5   | Reached XP level 13. HP: 95/111 MP: 13/13
 17882 | Lair:6   | Entered Level 6 of the Lair of Beasts
 18041 | Lair:6   | Reached skill level 10 in Fighting
 18210 | Lair:6   | Noticed a fire dragon
 18223 | Lair:6   | Found a large runed translucent door.
 18224 | Lair:6   | Found a large runed translucent door.
 18260 | Lair:6   | Killed a fire dragon
 18261 | Lair:6   | Gained mutation: Spells you cast may paralyse nearby
                  | enemies. [demonic ancestry]
 18261 | Lair:6   | Reached XP level 14. HP: 116/121 MP: 14/14
 19264 | D:7      | Killed CowFu's ghost
 19360 | Orc:1    | Entered Level 1 of the Orcish Mines
 19469 | Orc:2    | Entered Level 2 of the Orcish Mines
 19662 | Orc:2    | Noticed Rupert
 19674 | Orc:2    | Killed Rupert
 19807 | Orc:2    | Noticed robertstho's ghost (journeyman MiBe)
 19912 | Orc:2    | Found a runed translucent gate.
 19912 | Orc:2    | Found a runed translucent gate.
 19912 | Orc:2    | Found a runed translucent gate.
 19922 | Orc:2    | Found Mypefyax's Assorted Antiques.
 19974 | Orc:2    | Found Naed's Assorted Antiques.
 19978 | Orc:2    | Found Baocked's Magic Scroll Boutique.
 20015 | Orc:2    | Reached skill level 10 in Evocations
 20036 | Orc:2    | Killed robertstho's ghost
 20071 | Orc:2    | Found a staircase to the Elven Halls.
 20175 | Orc:2    | Found Unwolom's Assorted Antiques.
 20199 | Orc:2    | Bought a scroll of magic mapping for 84 gold pieces
 20206 | Orc:2    | Bought a scroll of magic mapping for 45 gold pieces
 20206 | Orc:2    | Bought a scroll of teleportation for 39 gold pieces
 20211 | Orc:2    | Bought a faintly glowing ring mail for 234 gold pieces
 20211 | Orc:2    | Identified the +4 ring mail "Himyheoz" {Contam Rampage
                  | Will+ rCorr} (You bought it in a shop on level 2 of the
                  | Orcish Mines)
 20211 | Orc:2    | Bought a lumpy pink potion for 23 gold pieces
 20224 | Orc:2    | Bought a vibrating ruby amulet for 140 gold pieces
 20224 | Orc:2    | Identified the amulet of the Raven {Acrobat rElec Will+
                  | Stlth+} (You bought it in a shop on level 2 of the Orcish
                  | Mines)
 20683 | Orc:1    | Noticed Harold
 20693 | Orc:1    | Killed Harold
 20765 | Orc:1    | Found a bloodstained altar of Trog.
 20967 | Orc:2    | Bought glowing gold dragon scales for 3237 gold pieces
 21013 | Orc:2    | Bought a scroll of enchant armour for 97 gold pieces
 21013 | Orc:2    | Bought a scroll of enchant armour for 97 gold pieces
 21021 | Orc:2    | Bought a scroll of enchant armour for 180 gold pieces
 21113 | D:12     | Found Putrimae's Book Shoppe.
 21392 | D:12     | Noticed Josephine
 21393 | D:12     | Noticed Erolcha
 21396 | D:12     | Noticed Azrael
 21406 | D:12     | Killed Josephine
 21412 | D:12     | Killed Azrael
 21420 | D:12     | Gained mutation: Spells you cast and wands you use may
                  | paralyse nearby enemies. [demonic ancestry]
 21420 | D:12     | Reached XP level 15. HP: 85/128 MP: 15/15
 21427 | D:12     | Killed Erolcha
 22490 | D:6      | Bought a scroll of enchant armour for 105 gold pieces
 22490 | D:6      | Bought a scroll of summoning for 133 gold pieces
 22490 | D:6      | Bought a scroll of blinking for 105 gold pieces
 22509 | D:6      | Bought a scroll of enchant armour for 82 gold pieces
 22571 | D:6      | Bought a scroll of enchant armour for 90 gold pieces
 22807 | D:13     | Reached skill level 10 in Dodging
 22817 | D:13     | Reached skill level 11 in Fighting
 22825 | D:13     | Reached skill level 10 in Axes
 22836 | D:13     | Noticed Nessos
 22859 | D:13     | Killed Nessos
 22862 | D:13     | Noticed Sonja
 22863 | D:13     | Killed Sonja
 22977 | D:13     | Found a gate to the Vaults.
 23292 | D:13     | Reached skill level 10 in Shields
 23292 | D:13     | Reached XP level 16. HP: 137/137 MP: 16/16
 23551 | D:13     | You fall into a shaft and drop 2 floors!
 23551 | D:15     | Entered Level 15 of the Dungeon
 24077 | D:14     | You fall into a shaft and drop 1 floor!
 24100 | D:15     | Reached skill level 10 in Armour
 24199 | D:15     | Paralysed by a floating eye for 4 turns
 24206 | D:15     | Reached skill level 10 in Throwing
 25559 | D:15     | Found a staircase to the Depths.
 25842 | D:15     | Found a shadowy altar of Dithmenos.
 26254 | Spider:1 | Entered Level 1 of the Spider Nest
 26256 | Spider:1 | Noticed Nikola
 26269 | Spider:1 | Killed Nikola
 27294 | Spider:1 | Gained mutation: A powerful demonic guardian rushes to your
                  | aid. [demonic ancestry]
 27294 | Spider:1 | Reached XP level 17. HP: 146/146 MP: 17/17
 28645 | Spider:2 | Identified the +6 shortbow "Leevek" {speed, rF+ rC- rCorr
                  | Stlth+}
 29130 | Spider:3 | Reached skill level 12 in Fighting
 30116 | Spider:4 | Entered Level 4 of the Spider Nest
 30697 | Spider:4 | Noticed Kirke
 31380 | Spider:3 | Killed Kirke
 33213 | Spider:4 | Got a gossamer rune of Zot
 33358 | Shoals:1 | Entered Level 1 of the Shoals
 33438 | Shoals:1 | Noticed Donald
 33662 | Shoals:1 | Killed Donald
 33669 | Shoals:1 | Gained mutation: You are completely covered in large bone
                  | plates. (SH +8) [demonic ancestry]
 33669 | Shoals:1 | Reached XP level 18. HP: 91/156 MP: 18/18
 34342 | Shoals:1 | Upgraded the game from 0.28-a0-101-g18048e5a82 to
                  | 0.28-a0-105-g49a0850c41
 34563 | Shoals:2 | HP: 7/156 [merfolk impaler (2)]
 35147 | Shoals:2 | Found Wanteob's Assorted Antiques.
 35161 | Shoals:2 | Bought a scroll of acquirement for 1456 gold pieces
 35161 | Shoals:2 | Bought a serpentine diamond amulet for 140 gold pieces
 35161 | Shoals:2 | Identified the amulet "Utamionu" {Spirit +Blink rPois Int+2
                  | SInv} (You bought it in a shop on level 2 of the Shoals)
 35161 | Shoals:2 | Bought a wand of acid (9) for 224 gold pieces
 35161 | Shoals:2 | Bought a potion of cancellation for 224 gold pieces
 35172 | Shoals:2 | Acquired a +4 vorpal broad axe
 35422 | D:6      | Bought a scroll of brand weapon for 240 gold pieces
 35466 | D:6      | Bought a scroll of enchant weapon for 105 gold pieces
 35633 | Orc:2    | Bought a scroll of enchant weapon for 195 gold pieces
 35652 | Elf:1    | Entered Level 1 of the Elven Halls
 36470 | Shoals:3 | Reached skill level 13 in Fighting
 38509 | Shoals:4 | Entered Level 4 of the Shoals
 39063 | Shoals:4 | Paralysed by an air elemental for 1 turns
 39278 | Shoals:4 | Identified the ring "Bukeaq" {*Slow rF+ rC+ Str+2 Int+4}
 39286 | Shoals:4 | Identified the +4 quarterstaff of Sunlight {vorpal, rCorr
                  | Stlth+}
 39317 | Shoals:4 | HP: 6/157 [merfolk javelineer/silver javelin (8)]
 39317 | Shoals:4 | HP: 1/157 [merfolk javelineer/silver javelin (5)]
 39323 | Shoals:4 | Paralysed by an air elemental for 1 turns
 39328 | Shoals:4 | Paralysed by an air elemental for 1 turns
 39366 | Shoals:4 | Identified the +1 hand axe of Iciargh {spect, rC+ Str-2
                  | Dex+8 Stlth+}
 39385 | Shoals:4 | Identified the +5 scimitar of Boasec {holy, Will+ Str+2}
 39963 | Shoals:4 | Got a barnacled rune of Zot
 40070 | Shoals:4 | Got Sif Muna's Disquisition on Igneous Poison
 40652 | Vaults:1 | Entered Level 1 of the Vaults
 41019 | Vaults:1 | Gained mutation: You are very robust. (+20% HP) [demonic
                  | ancestry]
 41019 | Vaults:1 | Reached XP level 19. HP: 134/180 MP: 17/19
 41725 | Vaults:1 | Gained mutation: You are weak. (Str -2) [a cacodemon]
 41726 | Vaults:1 | Reached skill level 14 in Fighting
 42217 | Vaults:1 | Found a runed translucent gate.
 42217 | Vaults:1 | Found a runed translucent gate.
 42217 | Vaults:1 | Found a runed translucent gate.
 42261 | Vaults:1 | Found a runed translucent gate.
 42261 | Vaults:1 | Found a runed translucent gate.
 42318 | Vaults:1 | Found a runed translucent gate.
 42318 | Vaults:1 | Noticed Irilyjoq's ghost (legendary FoFi)
 42348 | Vaults:1 | Killed Irilyjoq's ghost
 42359 | Vaults:1 | Identified the +0 pair of gloves of the Lute {rPois}
 42535 | Vaults:1 | Gained mutation: You are extremely robust. (+30% HP)
                  | [demonic ancestry]
 42535 | Vaults:1 | Reached XP level 20. HP: 182/206 MP: 20/20
 42536 | Vaults:1 | Lost mutation: You are weak. (Str -2) [potion of mutation]
 42536 | Vaults:1 | Gained mutation: You are dopey. (Int -2) [potion of
                  | mutation]
 42536 | Vaults:1 | Gained mutation: You are clumsy. (Dex -2) [potion of
                  | mutation]
 42536 | Vaults:1 | Gained mutation: Your flesh is cold resistant. (rC+)
                  | [potion of mutation]
 42757 | Vaults:1 | Found Zuatt's Antique Armour Boutique.
 42763 | Vaults:1 | Bought a pair of embroidered gloves for 285 gold pieces
 43241 | Vaults:2 | Reached XP level 21. HP: 151/215 MP: 17/21
 44028 | Vaults:2 | Found a staircase to the Crypt.
 44913 | Vaults:3 | Found Pitag's Jewellery Emporium.
 45170 | Vaults:3 | Reached skill level 15 in Fighting
 47066 | Vaults:5 | Entered Level 5 of the Vaults
 47261 | Vaults:5 | Identified the +4 whip of the Aged Ships {vorpal, Int+7}
 47270 | Vaults:5 | Noticed a dread lich
 47283 | Vaults:5 | Paralysed by a dread lich for 4 turns
 47291 | Vaults:5 | Paralysed by a dread lich for 4 turns
 47303 | Vaults:5 | Killed a dread lich
 47304 | Vaults:5 | Reached XP level 22. HP: 87/228 MP: 0/22
 47502 | Vaults:5 | Identified the amulet of Jaqulur {RegenMP rC+}
 47554 | Vaults:5 | Noticed an ancient lich
 47561 | Vaults:5 | Bought a scroll of acquirement for 884 gold pieces
 47572 | Vaults:5 | Acquired a +1 pair of gloves of strength
 47600 | Vaults:5 | Reached skill level 15 in Axes
 47688 | Vaults:5 | Identified the +8 hunting sling "Arbiter" {flame, Will++
                  | Str+3 Int+2}
 48311 | Vaults:5 | Identified the +1 mace of Aggoh {spect, rPois rCorr MP+9}
 48343 | Vaults:5 | Reached skill level 16 in Fighting
 48346 | Vaults:5 | Noticed an ancient lich
 48357 | Vaults:5 | Killed an ancient lich
 48418 | Vaults:5 | Noticed a dread lich
 48914 | Vaults:5 | Noticed a dread lich
 49023 | Vaults:5 | Got the Compendium of the Ashen Birds
 49029 | Vaults:5 | Got a silver rune of Zot
 49382 | Vaults:5 | Reached skill level 15 in Shields
 49414 | Vaults:5 | Killed a dread lich
 49434 | Vaults:5 | Killed a dread lich
 49435 | Vaults:5 | Reached skill level 15 in Dodging
 49535 | Vaults:5 | Reached XP level 23. HP: 232/241 MP: 20/23
 49628 | Vaults:5 | Reached skill level 15 in Armour
 49678 | Vaults:5 | Killed an ancient lich
 49679 | Vaults:5 | Reached skill level 17 in Fighting
 50213 | Vaults:5 | Identified the +0 scale mail "Caff" {rN++}
 50250 | Vaults:5 | Got Wulosag's Disquisition on Flamy Earth
 50253 | Vaults:5 | Identified the +3 scale mail "Raiqin" {Fly rC++}
 51365 | Elf:1    | Paralysed by an air elemental for 1 turns
 51541 | Elf:1    | Got the Guide on Darkness
 51907 | Elf:1    | Found Jonla's Antique Weapon Boutique.
 52260 | Elf:2    | Noticed Agnes
 52269 | Elf:2    | Killed Agnes
 52548 | Elf:2    | Found a huge runed translucent gate.
 52548 | Elf:2    | Found a huge runed translucent gate.
 52549 | Elf:2    | Found a huge runed translucent gate.
 52550 | Elf:2    | Found a huge runed translucent gate.
 52555 | Elf:2    | Found a huge runed translucent gate.
 52655 | Elf:2    | Identified Roxanne's Catalogue of Moulding
 52655 | Elf:2    | Noticed Roxanne
 52669 | Elf:2    | Killed Roxanne
 52963 | Elf:2    | Noticed Asterion
 52981 | Elf:2    | Gained mutation: Your magical capacity is low. (-10% MP) [a
                  | cacodemon]
 53000 | Elf:2    | Killed Asterion
 53392 | Elf:2    | Reached skill level 18 in Fighting
 53577 | Elf:3    | Entered Level 3 of the Elven Halls
 53581 | Elf:3    | Paralysed by an air elemental for 1 turns
 54383 | Elf:3    | Noticed Bai Suzhen
 54427 | Elf:3    | Killed Bai Suzhen
 54481 | Elf:3    | Reached XP level 24. HP: 258/258 MP: 20/20
 54532 | Elf:3    | Identified the +7 shortbow "Basapso" {flame, rC++ Dex+2
                  | Stlth+}
 54541 | Elf:3    | Identified the +1 spear "Alify" {chaos, Will+}
 54545 | Elf:3    | Identified the +7 plate armour of Midnight {rC+ rN+ Will+
                  | Int+3 Dex-2}
 54674 | Elf:3    | Identified the ring of Fetamof {rC+ Str+6}
 55152 | Elf:3    | Identified the +1 chain mail of Spite {Dex+3}
 55191 | Elf:3    | Identified the +7 hunting sling of the Scavenger {venom,
                  | rElec Str+4 Int+4}
 55413 | Elf:3    | Upgraded the game from 0.28-a0-105-g49a0850c41 to
                  | 0.28-a0-313-gbc0475efdd
 55416 | Elf:3    | Quit the game

Illustrated notes

Levels and vault maps discovered:
D:1:      ebering_trefoil_3fold, layout_loops_ring
D:2:      layout_loops_ring, basic_altar
D:3:      layout_basic, hellmonk_ecumenical_altar_prayer_group, uniq_terence
D:4:      layout_loops_ring
D:5:      layout_basic, ebering_ghost_rock_garden, portal_sewer_entry_e,
          uniq_duvessa, uniq_blork_the_orc, uniq_pikel
D:6:      layout_gridville, minmay_temple_entry_glass, serial_shops,
          nicolae_shop_behind_doors, nicolae_shop_trees, shop, shop,
          shop_fountains
D:7:      layout_loops_ring, minmay_overflow_temple_hex,
          ebering_ghost_reflecting_pool
D:8:      cheibrodos_shockbox, layout_gridville, corner_web_ring, eino_jars,
          uniq_maggie, uniq_psyche
D:9:      layout_small_grid, tso_oasis_becter, ashenzari_conservatory_becter,
          chequers_mini_garden, chequers_garden, statue_in_the_mist_lemuel
D:10:     layout_small_grid, uniq_urug
D:11:     layout_loops_cross, david_lair_shrubbed, orc_david_3,
          gauntlet_entry_generic, hangedman_abyss_or_decor_slice, led_sif_pool
D:12:     layout_stronghold, serial_shops, shop, uniq_azrael, uniq_erolcha,
          uniq_josephine
D:13:     layout_rooms, erik_vaults_1, uniq_nessos, uniq_sonja
D:14:     layout_rooms, kennysheep_cross_bottleneck, mumra_transporter_accident,
          chequers_serial_rivers_large_b, hive_lemuel
D:15:     grunt_enter_depths_hoard, layout_basic, special_room
          [special_room_orc], grunt_dithmenos_smoke, minmay_misc_feat_diagonals
Temple:   jpeg_temple_clearing
Lair:1:   layout_concentric_octagons, uniq_nergalle
Lair:2:   layout_gridlike, minmay_shoals_entry_hut
Lair:3:   layout_roguey, spider_nest_entry_funnel_web, wad_woods_road_03,
          lemuel_old_faithful, infiniplex_staircase_pool
Lair:4:   layout_gridlike, chequers_serial_rivers_room_a
Lair:5:   layout_gridlike, minmay_slime_entry_eyes,
          nzn_masters_of_martial_movement
Lair:6:   cheibrodos_lair_end_hotspot, layout_misc_corridors
Shoals:1: layout_shoals, uniq_donald
Shoals:2: layout_shoals, serial_shops, shop
Shoals:3: layout_shoals, nicolae_shoals_goliath_grotto
Shoals:4: shoals_end_hellmonk_storm_palace [storm_palace_center_square,
          storm_palace_corner_reverse_hut, storm_palace_corner_narrow,
          storm_palace_corner_grid, storm_palace_corner_pillars]
Spider:1: layout_spider_delve, uniq_nikola
Spider:2: layout_chambers
Spider:3: layout_spider_delve, guppyfry_spider_mini_1
Spider:4: grunt_spider_rune_island, uniq_kirke
Orc:1:    layout_diamond_mine, basic_altar, uniq_harold
Orc:2:    st_orc_open, layout_caves, basic_altar,
          maelrawn_ghost_gauntlet_escape, mines3_lemuel, uniq_rupert
Elf:1:    eino_elf_arrival_customs, layout_loops_corners, serial_shops,
          nicolae_take_the_stairs, minmay_elf_necromancy,
          nicolae_elf_martial_mastery
Elf:2:    elven_hall_of_blades_hangedman_alternative
          [nicolae_blade_entry_crossed_weapons], layout_onion_city,
          uniq_roxanne, uniq_asterion, uniq_agnes
Elf:3:    grunt_elf_hall_spiral, layout_onion_city, uniq_bai_suzhen
Vaults:1: ploomutoo_gammafunk_vaults_ghost_potion_laboratory,
          hangedman_vaults_hat, vaults_standard_mumra_lines,
          hangedman_vaults_locks, nicolae_vaults_diagonal_hallway_7,
          hangedman_vaults_corner, vaults_room_door_ring,
          nicolae_vaults_little_squares_1, grunt_vaults_focal,
          hangedman_vaults_slice, vaults_dpeg_cross, v_misc_16,
          layout_vaults_ring, serial_shops, shop
Vaults:2: nicolae_vaults_little_squares_2, nicolae_vaults_little_squares_6,
          ontoclasm_vaults_ring_square, nicolae_vaults_big_angled_halls,
          ontoclasm_vaults_gateway, nicolae_vaults_diagonal_hallway_6,
          minmay_crypt_entry_simple_round, vaults_room_large_hall, v_misc_29,
          vaults_room_fours, v_misc_25, hangedman_vaults_snaps,
          layout_vaults_big_room
Vaults:3: nicolae_vaults_ring_of_whatevers, v_pattern_1, v_alt_pattern_2,
          hangedman_vaults_slice, v_misc_24, ontoclasm_vaults_shuriken,
          vaults_room_fancy_cross, v_alt_pattern_1, vaults_mumra_lcd, v_misc_14,
          vaults_dpeg_spiral, nicolae_vaults_network_s,
          nicolae_vaults_angled_halls, layout_vaults_omnibox, serial_shops,
          nicolae_shop_window_shopping
Vaults:4: nicolae_vaults_network_periphery, vaults_room_door_ring,
          nicolae_vaults_mini_display_case, v_misc_10, v_misc_8, v_misc_18,
          vaults_room_pool, layout_vaults_omnigrid
Vaults:5

Skill      XL: |  1  2  3  4  5  6  7  8  9 10 11 12 13 14 15 16 17 18 19 20 21 22 23 |
---------------+----------------------------------------------------------------------+-----
Axes           | 2 3 4 5 6 7 8 9 10 11 12 13 14 15 16 | 16.4
Armour         | 1 2 3 4 5 6 7 8 9 10 11 12 13 14 15 | 15.9
Dodging        | 2 3 4 5 6 7 8 9 10 11 12 13 14 15 | 15.9
Throwing       | 1 2 3 4 5 6 7 8 9 10 11 12 13 | 13.8
Evocations     | 1 2 3 4 5 6 7 8 9 10 11 12 | 12.0
Fighting       | 4 5 6 7 8 9 10 11 12 13 14 15 16 18 | 18.6
Shields        | 2 4 5 6 7 8 10 11 12 13 14 15 | 15.0
Stealth        | |  4.5

Action                   |  1- 3 |  4- 6 |  7- 9 | 10-12 | 13-15 | 16-18 | 19-21 | 22-24 || total
-------------------------+-------+-------+-------+-------+-------+-------+-------+-------++-------
Melee: Hand axe          |   132 |   143 |       |       |       |       |       |       ||   275
       Short sword       |       |    17 |       |       |       |       |       |       ||    17
       Kick              |       |    15 |    81 |   184 |   222 |   489 |   375 |   380 ||  1746
       Dagger            |       |    29 |   258 |   130 |       |       |       |       ||   417
       Broad axe         |       |       |       |   294 |   510 |  1283 |   799 |  1007 ||  3893
       Long sword        |       |       |       |     6 |    35 |       |       |       ||    41
Throw: Boomerang         |       |     2 |       |       |       |       |       |       ||     2
       Dart              |       |       |    12 |     9 |     3 |     2 |       |       ||    26
       Javelin           |       |       |       |       |       |    51 |    19 |    70 ||   140
Invok: Call Merchant     |       |       |       |       |     2 |       |       |     1 ||     3
       Potion Petition   |       |       |       |       |       |     5 |       |     3 ||     8
 Abil: Evoke Blink       |       |       |       |       |       |     2 |       |     5 ||     7
Evoke: Wand              |     1 |       |     5 |     4 |     8 |    29 |     4 |     3 ||    54
       Condenser vane    |       |       |       |     1 |     2 |     4 |     2 |     2 ||    11
       Phial of floods   |       |       |       |       |       |       |     1 |       ||     1
  Use: Scroll            |     1 |       |    19 |    11 |    16 |    16 |     3 |     7 ||    73
       Potion            |     1 |       |     1 |     2 |     1 |     5 |     3 |     3 ||    16
 Stab: Sleeping          |       |    10 |     4 |       |       |       |       |       ||    14
       Distracted        |       |       |     1 |     3 |     9 |    17 |    14 |     9 ||    53
       Petrified         |       |       |       |     4 |       |       |       |       ||     4
       Fleeing           |       |       |       |       |     2 |       |       |       ||     2
       Confused          |       |       |       |       |       |     2 |     1 |       ||     3
       Paralysed         |       |       |       |       |       |     3 |       |     1 ||     4
Armor: Leather armour    |     1 |       |       |       |       |       |       |       ||     1
       Ring mail         |    43 |    60 |    22 |       |       |       |       |       ||   125
       Scale mail        |       |       |    19 |    35 |       |       |       |       ||    54
       Plate armour      |       |       |    12 |   184 |   154 |       |       |       ||   350
       Fire dragon scale |       |       |       |       |     1 |       |       |       ||     1
       Gold dragon scale |       |       |       |       |   103 |   910 |   311 |   177 ||  1501
Dodge: Dodged            |    73 |    86 |    98 |    60 |    99 |   220 |    92 |    83 ||   811
       Repelled          |       |       |       |       |       |     3 |     1 |     8 ||    12
Block: Other             |    24 |    28 |    13 |       |       |       |       |       ||    65
       Kite shield       |       |       |   212 |   787 |   879 |  2479 |  1162 |  1147 ||  6666
       Rpst.: Long sword |       |       |       |       |     2 |       |       |       ||     2

Table legend: (Time is in decaauts)
 A = Elapsed time spent in this place.
 B = Non-inter-level travel time spent in this place.
 C = Inter-level travel time spent in this place.
 D = Time resting spent in this place.
 E = Time spent auto-exploring this place.
 F = Levels seen in this place.
 G = Mean time per level.
                   A        B        C        D        E       F      G
               +--------+--------+--------+--------+--------+-----+--------+
         Total |  56132 |  52363 |   3769 |   5315 |  36384 |  41 | 1369.1 |
       Dungeon |  19963 |  17957 |   2006 |   2058 |  12447 |  15 | 1330.9 |
        Temple |     86 |     68 |     18 |      0 |     68 |   1 |   86.0 |
          Lair |   6608 |   6014 |    594 |    467 |   4666 |   6 | 1101.3 |
        Shoals |   6536 |   6228 |    308 |   1913 |   3101 |   4 | 1634.0 |
   Spider Nest |   6186 |   5984 |    202 |    347 |   4706 |   4 | 1546.5 |
  Orcish Mines |   1908 |   1609 |    299 |     21 |    902 |   2 |  954.0 |
   Elven Halls |   4478 |   4404 |     74 |    252 |   3162 |   3 | 1492.7 |
        Vaults |   9525 |   9260 |    265 |    185 |   6823 |   5 | 1905.0 |
      Gauntlet |    838 |    838 |      0 |     72 |    506 |   1 |  838.0 |
               +--------+--------+--------+--------+--------+-----+--------+

Top non-repeatable levels by time:
Vaults:5: 3304 daAuts
Spider:3: 2968 daAuts
Shoals:2: 2145 daAuts
Vaults:1: 2104 daAuts
  Lair:3: 1922 daAuts
Shoals:4: 1788 daAuts
Spider:2: 1731 daAuts
   Elf:3: 1648 daAuts
     D:3: 1605 daAuts
     D:4: 1600 daAuts
Vaults:4: 1573 daAuts
   Elf:2: 1538 daAuts
     D:5: 1467 daAuts
     D:8: 1464 daAuts
     D:9: 1457 daAuts
